 Dungeon Crawl Stone Soup version 0.19.0-20-gbc5f0c6 (webtiles) character file.

282 Melicamp the Ruffian (level 6, -3/50 (52) HPs)
             Began as a Ghoul Monk on Nov 18, 2016.
             Was a Believer of Cheibriados.
             Slain by a phantom (5 damage)
             ... on level 3 of the Dungeon.
             The game lasted 00:09:54 (2937 turns).

Melicamp the Ruffian (Ghoul Monk)                   Turns: 2937, Time: 00:09:55

HP:   -3/50 (52)    AC:  5    Str: 25    XL:     6   Next: 28%
MP:   5/5           EV: 12    Int: 10    God:    Cheibriados [**....]
Gold: 163           SH:  0    Dex: 18    Spells: 0 memorised, 5 levels left

rFire  . . .     SeeInvis .       - Unarmed
rCold  + . .     Gourm    .     e - +0 ring mail
rNeg   + + +     Faith    .     (no shield)
rPois  ∞         Spirit   .     (no helmet)
rElec  .         Reflect  .     (no cloak)
rCorr  .         Harm     .     (no gloves)
MR     .....                    (no boots)
Stlth  ++........               (no amulet)
                                (no ring)
                                (no ring)

@: mighty, about to teleport, rotting, very slow
A: rotting body, claws 1, carnivore 3, cold resistance 1, negative energy
resistance 3, slow regeneration 1, torment resistance, unbreathing
a: Bend Time, Renounce Religion


You were on level 3 of the Dungeon.
You worshipped Cheibriados.
Cheibriados was pleased with you.
You were not hungry.

You visited 1 branch of the dungeon, and saw 4 of its levels.

You collected 163 gold pieces.

Inventory:

Armour
 a - a +0 robe
 e - a +0 ring mail (worn)
Wands
 n - a wand of digging (10/24)
Scrolls
 f - a scroll of magic mapping
 h - a scroll of immolation
 i - 3 scrolls of remove curse
 k - a scroll of teleportation
 p - a scroll of identify
Potions
 c - a potion of curing
 g - 2 potions of cure mutation
 j - 3 potions of cancellation
 r - 2 potions of flight
Comestibles
 b - 5 meat rations
 d - a beef jerky
 l - a royal jelly
 o - a slice of pizza
 q - 3 chunks of flesh


   Skills:
 + Level 4.1 Fighting
 - Level 2.6 Dodging
 - Level 2.1 Stealth
 + Level 7.0 Unarmed Combat


You had 5 spell levels left.
You didn't know any spells.

Dungeon Overview and Level Annotations

Branches:
Dungeon (4/15)
 Temple: D:4-7

Altars:
Cheibriados
Hepliaklqana
Makhleb
Ru
Uskayaw


Innate Abilities, Weirdness & Mutations

Your body is rotting away.
You thrive on raw meat.
You are immune to poison.
You have sharp fingernails.
You are carnivorous and can eat meat at any time.
Your flesh is cold resistant. (rC+)
You are immune to negative energy. (rN+++)
You regenerate slowly when monsters are visible.
You are immune to unholy pain and torment.
You can survive without breathing.


Message History

Cheibriados appreciates the change of pace.
Your Fighting skill increases to level 4!
Your Unarmed Combat skill increases to level 7!
The orc closely misses you. The phantom hits you.
* * * LOW HITPOINT WARNING * * *
You scratch the phantom.
The phantom is lightly damaged.
The orc completely misses you. The phantom hits you!
* * * LOW HITPOINT WARNING * * *
The orc hits you with a hand axe.
* * * LOW HITPOINT WARNING * * *
The phantom barely misses you.
You climb upwards.
There is a stone staircase leading down here.
As you read the scroll of teleportation, it crumbles to dust.
You feel strangely unstable. The phantom closely misses you.
The orc hits you with a hand axe.
* * * LOW HITPOINT WARNING * * *
The phantom hits you.
You die...

#.########.#.###.#..#.#..#.#.#.##
#................#..#.#..#.#.#.##
#......###.#.#####..#.#..#.#>#.##
...........#....(...#.#..#.#.#.##
#......#####..#####.#.#..#.#.#.##
..............# #[#.#..#.#.#.##
#############.#####.#.#..#.......
#.........#...oW.##.#.#........#.
.............(>#@##.#.#.####.###.
....#.....#.#..#....#.#..........
#.#....<....._<#.####.#<.....###.
#.#.############.####.##########.
#.#..............................
#.#....##############.###########
..#....# #.......(..# ..#....#
#.########## ..#....# #.# #####


You could see a phantom and an orc.

Vanquished Creatures
  2 scorpions
  2 orc priests (D:4)
  5 adders
  3 worms
  3 leopard geckos
  An orc (D:3)
  6 giant cockroaches
  10 goblins
  8 hobgoblins
  4 jackals (D:2)
  A quokka (D:3)
  8 bats
  5 frilled lizards
  6 kobolds
  5 rats
69 creatures vanquished.

Notes
Turn   | Place    | Note
-------+----------+-------------------------------------------
     0 | D:1      | Melicamp the Ghoul Monk began the quest for the Orb.
     0 | D:1      | Reached XP level 1. HP: 19/19 MP: 0/0
   297 | D:1      | Reached XP level 2. HP: 24/26 MP: 1/1
   409 | D:1      | Reached skill level 4 in Unarmed Combat
   816 | D:2      | Reached XP level 3. HP: 20/31 MP: 2/2
  1040 | D:2      | Found a sacrificial altar of Ru.
  1104 | D:2      | Reached skill level 5 in Unarmed Combat
  1144 | D:2      | Reached XP level 4. HP: 32/38 MP: 3/3
  1848 | D:3      | Found a snail-covered altar of Cheibriados.
  1868 | D:3      | Became a worshipper of Cheibriados the Contemplative
  1868 | D:3      | Reached * piety under Cheibriados
  1868 | D:3      | Reached ** piety under Cheibriados
  1996 | D:3      | Reached skill level 6 in Unarmed Combat
  1996 | D:3      | Reached XP level 5. HP: 41/45 MP: 4/4
  2108 | D:3      | Found a hazy altar of Hepliaklqana.
  2237 | D:3      | Noticed a hand axe
  2237 | D:3      | Found a hide-covered altar of Uskayaw.
  2237 | D:3      | Noticed a dagger
  2545 | D:3      | Found a burning altar of Makhleb.
  2545 | D:3      | Noticed a balrug
  2548 | D:3      | Noticed a smoke demon
  2548 | D:3      | Noticed a smoke demon
  2908 | D:4      | Noticed a phantom
  2925 | D:4      | Reached XP level 6. HP: 22/50 MP: 5/5
  2931 | D:4      | Reached skill level 7 in Unarmed Combat
  2935 | D:3      | HP: 1/50 [orc/hand axe (2)]
  2937 | D:3      | Slain by a phantom

Skill      XL: |  1  2  3  4  5  6 |
---------------+-------------------+-----
Unarmed Combat | 4 5 6 7 |  7.0
Fighting       | 4 |  4.1
Dodging        | |  2.6
Stealth        | |  2.1

Action                   |  1- 3 |  4- 6 || total
-------------------------+-------+-------++-------
Melee: Unarmed           |   122 |   121 ||   243
       Punch             |     3 |       ||     3
  Use: Scroll            |     3 |    10 ||    13
       Potion            |       |     1 ||     1
 Stab: Sleeping          |     2 |     3 ||     5
  Eat: Chunk             |     1 |     4 ||     5
Armor: Ring mail         |    47 |    43 ||    90
Dodge: Dodged            |    65 |    82 ||   147
